 Dungeon Crawl Stone Soup version 0.19-a0-659-g8260ecf (webtiles) character file.

5951 Duffy the Protected (level 11, -7/86 HPs)
             Began as a Formicid Fighter on June 15, 2016.
             Was a Believer of Cheibriados.
             Killed by the air
             ... invoked by Gastronok
              (13 damage)
             ... on level 9 of the Dungeon.
             The game lasted 00:11:24 (7308 turns).

Duffy the Protected (Formicid Fighter)              Turns: 7308, Time: 00:11:24

Health: -7/86      AC: 20    Str: 33    XL:     11   Next: 9%
Magic:  11/11      EV:  8    Int: 13    God:    Cheibriados [**....]
Gold:   584        SH: 13    Dex: 18    Spells: 0 memorised, 10 levels left

rFire  . . .     SeeInvis +     w - +10 hand axe of Esuypsyh {freeze, +Fly Dex+3}
rCold  . . .     Gourm    .     J - +0 plate armour
rNeg   . . .     Faith    .     c - +0 shield
rPois  +         Spirit   .     (helmet unavailable)
rElec  .         Dismiss  .     H - +0 cloak
rCorr  .         Reflect  .     Q - +2 pair of gloves
SustAt .         Harm     .     (no boots)
MR     +....                    (no amulet)
Stlth  ..........               F - +4 ring of strength
                                G - ring of poison resistance

@: very slow, somewhat resistant to hostile enchantments, extremely unstealthy
A: permanent stasis, dig shafts and tunnels, four strong arms, antennae 3
a: Dig, Shaft Self, Bend Time, Renounce Religion, Evoke Flight


You were on level 9 of the Dungeon.
You worshipped Cheibriados.
Cheibriados was pleased with you.
You were not hungry.

You visited 2 branches of the dungeon, and saw 10 of its levels.
You also visited: Ossuary.

You collected 584 gold pieces.


Innate Abilities, Weirdness & Mutations

You are under a permanent stasis effect.
You can dig through walls and to a lower floor.
Your four strong arms can wield two-handed weapons with a shield.
You have a pair of large antennae on your head. (SInv)


   Skills:
 - Level 8.2 Fighting
 - Level 8.0 Axes
 + Level 11.2 Armour
 - Level 9.2 Shields


You had 10 spell levels left.
You didn't know any spells.

Inventory:

Hand Weapons
 a - a +0 war axe
 w - the +10 hand axe of Esuypsyh (weapon) {freeze, +Fly Dex+3}

   It has been specially enchanted to freeze those struck by it, causing extra
   injury to most foes and up to half again as much damage against particularly
   susceptible opponents.
   It can also slow down cold-blooded creatures.
   It affects your dexterity (+3).
   It lets you fly.
 B - a +1 broad axe
 P - a +2 whip of electrocution
Armour
 b - a +0 scale mail
 c - a +0 shield (worn)
 k - a +0 chain mail of positive energy
 H - a +0 cloak (worn)
 J - a +0 plate armour (worn)
 Q - a +2 pair of gloves (worn)
Jewellery
 t - an uncursed ring of protection from fire
 F - a +4 ring of strength (right hand)
 G - a ring of poison resistance (left hand)
 L - an uncursed ring of magical power
 O - an uncursed ring of fire
 R - the ring of the Iron Devil {SustAt Dex+5, unknown}

   [ring of sustain attributes]

   It sustains your strength, intelligence and dexterity.
   It affects your dexterity (+5).
Wands
 m - a wand of slowing (29/48)
 v - a wand of iceblast (9/15)
 C - a wand of flame (22/48)
Scrolls
 e - 3 scrolls of fear {unknown}
 j - 3 scrolls of teleportation {unknown}
 l - a scroll of noise {unknown}
 n - 6 scrolls of remove curse
 o - 2 scrolls of enchant weapon
 p - a scroll of fog {unknown}
 r - a scroll of recharging {unknown}
 s - 9 scrolls of identify {unknown}
 y - a scroll of immolation {unknown}
Potions
 d - 2 potions of might
 h - 5 potions of flight {unknown}
 i - a potion of cancellation {unknown}
 q - a potion of cure mutation {unknown}
 u - 8 potions of brilliance {unknown}
 x - 3 potions of curing
 z - 3 potions of haste {unknown}
 A - 3 potions of ambrosia {unknown}
 D - a potion of magic {unknown}
 I - 2 potions of agility {unknown}
 N - 2 potions of lignification
Books
 E - a book of the Sky
Comestibles
 f - 8 bread rations
 g - 6 meat rations
 K - 3 beef jerkies
 M - 5 slices of pizza

Dungeon Overview and Level Annotations

Branches:
Dungeon (9/15)             Temple (1/1) D:6
   Lair: D:8-11         Orc: D:9-12

Altars:
Ashenzari
Cheibriados
Dithmenos
Elyvilon
Fedhas
Gozag
Hepliaklqana
Kikubaaqudgha
Makhleb
Nemelex Xobeh
Okawaru
Pakellas
Qazlal
Ru
Sif Muna
Trog
Uskayaw
Vehumet
Xom
Yredelemnul
Zin
The Shining One

Shops:
D:8 (

Annotations:
D:9 Gastronok


Message History

Gastronok bites you!
You barely miss Gastronok.
Gastronok is moderately wounded.
You slash Gastronok! You freeze Gastronok.
Gastronok is moderately wounded.
Gastronok bites you.
You hit Gastronok. You freeze Gastronok.
Gastronok is moderately wounded.
You slash Gastronok! You freeze Gastronok!
Gastronok is heavily wounded.
Gastronok waves his eye-stalks in wide circles.
The air twists around and strikes you!
You slash Gastronok! You freeze Gastronok.
Gastronok is heavily wounded.
You slash Gastronok! You freeze Gastronok.
Gastronok is severely wounded.
You hit Gastronok but do no damage.
Gastronok is severely wounded.
Gastronok waves his eye-stalks in wide circles.
The air twists around and strikes you!
You are too injured to fight recklessly!
You are too injured to fight recklessly!
You are too injured to fight recklessly!
You are too injured to fight recklessly!
You are too injured to fight recklessly!
You are too injured to fight recklessly!
You are too injured to fight recklessly!
You are too injured to fight recklessly!
You are too injured to fight recklessly!
You are too injured to fight recklessly!
You are too injured to fight recklessly!
You are too injured to fight recklessly!
You are too injured to fight recklessly!
You are too injured to fight recklessly!
You are too injured to fight recklessly!
You are too injured to fight recklessly!
You are too injured to fight recklessly!
You are too injured to fight recklessly!
You are too injured to fight recklessly!
You are too injured to fight recklessly!
You are too injured to fight recklessly!
You are too injured to fight recklessly!
You slash Gastronok! You freeze Gastronok.
Gastronok is severely wounded.
You slash Gastronok! You freeze Gastronok.
Gastronok is severely wounded.
Gastronok gurgles.
Gastronok waves his eye-stalks in wide circles.
The air twists around and strikes you!
You die...

######### ##########
........#
#........###
........# #..........
..<.....####........#
...........#....w...#
......(.##......@...#
........####........#
........# #####.####
##.###### #...# #.#
######'## #.#
#.......# #.#
#.......# #.#
#.......# #.#
#.......#


You could see Gastronok.

Action                   |  1- 3 |  4- 6 |  7- 9 | 10-12 || total
-------------------------+-------+-------+-------+-------++-------
Melee: War axe           |   114 |   112 |       |       ||   226
       Hand axe          |       |    38 |   167 |   173 ||   378
 Abil: Dig               |       |     5 |     1 |       ||     6
  Use: Potion            |       |     3 |       |       ||     3
       Scroll            |       |       |     2 |       ||     2
  Eat: Chunk             |     2 |     5 |     6 |     7 ||    20
       Pizza             |       |       |     1 |     2 ||     3
       Beef jerky        |       |       |     1 |       ||     1
Armor: Scale mail        |    56 |    17 |       |       ||    73
       Skin              |       |    19 |       |       ||    19
       Chain mail        |       |    44 |    40 |       ||    84
       Plate armour      |       |       |     9 |    56 ||    65
Dodge: Dodged            |    31 |    41 |    39 |    40 ||   151
Block: Shield            |    58 |    77 |    89 |    93 ||   317

Notes
Turn   | Place    | Note
--------------------------------------------------------------
     0 | D:1      | Duffy the Formicid Fighter began the quest for the Orb.
     0 | D:1      | Reached XP level 1. HP: 18/18 MP: 1/1
    27 | D:1      | Reached XP level 2. HP: 17/24 MP: 2/2
   151 | D:1      | Reached skill level 4 in Shields
   667 | D:1      | Reached XP level 3. HP: 26/29 MP: 3/3
  1122 | D:2      | Reached skill level 3 in Axes
  1544 | D:3      | Found a sparkling altar of Nemelex Xobeh.
  1547 | D:3      | Reached XP level 4. HP: 34/35 MP: 4/4
  1737 | D:3      | Found a deep blue altar of Sif Muna.
  1737 | D:3      | Found an opulent altar of Gozag.
  1788 | D:3      | Reached skill level 5 in Shields
  1827 | D:3      | Reached XP level 5. HP: 41/41 MP: 5/5
  1994 | D:3      | Reached skill level 4 in Axes
  2374 | D:4      | Reached XP level 6. HP: 47/47 MP: 6/6
  2416 | D:4      | Got a slimy hand axe
  2417 | D:4      | Identified the +10 hand axe of Esuypsyh {freeze, +Fly Dex+3} (You found it on level 4 of the Dungeon)
  2419 | D:4      | Reached skill level 6 in Shields
  2555 | D:4      | Found a sand-covered staircase.
  2564 | Ossuary  | Entered an ossuary
  2627 | Ossuary  | Reached skill level 7 in Shields
  2627 | Ossuary  | Reached XP level 7. HP: 23/52 MP: 7/7
  2639 | Ossuary  | Reached skill level 8 in Shields
  3226 | D:4      | Reached skill level 9 in Shields
  3429 | D:5      | Entered Level 5 of the Dungeon
  3433 | D:5      | Reached XP level 8. HP: 58/58 MP: 8/8
  3493 | D:5      | Found a radiant altar of Vehumet.
  3581 | D:5      | Reached skill level 5 in Axes
  3598 | D:5      | Reached skill level 4 in Fighting
  3845 | D:5      | Found a hazy altar of Hepliaklqana.
  3924 | D:5      | Found a deep blue altar of Sif Muna.
  4060 | D:6      | Found a shadowy altar of Dithmenos.
  4110 | D:6      | Noticed Sigmund
  4115 | D:6      | Reached skill level 5 in Fighting
  4118 | D:6      | Reached skill level 6 in Axes
  4122 | D:6      | Killed Sigmund
  4232 | D:6      | Reached XP level 9. HP: 69/69 MP: 9/9
  4235 | D:6      | Found a staircase to the Ecumenical Temple.
  4248 | Temple   | Entered the Ecumenical Temple
  4331 | D:6      | Noticed Grinder
  4334 | D:6      | Reached skill level 6 in Fighting
  4349 | D:6      | Killed Grinder
  4349 | D:6      | Reached skill level 7 in Axes
  4475 | D:6      | Noticed Xiguana's ghost (novice VSMo)
  4489 | D:6      | Killed Xiguana's ghost
  4489 | D:6      | Reached skill level 7 in Fighting
  4746 | D:6      | Found a glowing golden altar of the Shining One.
  5027 | D:6      | Reached skill level 8 in Axes
  5151 | D:6      | Noticed Crazy Yiuf
  5155 | D:6      | Killed Crazy Yiuf
  5233 | D:7      | Found a snail-covered altar of Cheibriados.
  5235 | D:7      | Found an ancient bone altar of Kikubaaqudgha.
  5263 | D:7      | Found a basalt altar of Yredelemnul.
  5265 | D:7      | Found a white marble altar of Elyvilon.
  5265 | D:7      | Found a sparkling altar of Nemelex Xobeh.
  5274 | D:7      | Became a worshipper of Cheibriados the Contemplative
  5332 | D:7      | Reached skill level 8 in Fighting
  5376 | D:7      | Found a bloodstained altar of Trog.
  5467 | D:7      | Reached skill level 4 in Armour
  5503 | D:7      | Reached skill level 5 in Armour
  5503 | D:7      | Reached XP level 10. HP: 45/80 MP: 10/10
  5507 | D:7      | Reached skill level 6 in Armour
  6318 | D:8      | Found Oluxky's Weapon Shoppe.
  6319 | D:8      | Noticed Pikel
  6331 | D:8      | Killed Pikel
  6331 | D:8      | Reached skill level 8 in Armour
  6404 | D:8      | Reached * piety under Cheibriados
  6464 | D:8      | Noticed Erolcha
  6473 | D:8      | Killed Erolcha
  6473 | D:8      | Reached skill level 9 in Armour
  6865 | D:8      | Reached skill level 10 in Armour
  6921 | D:8      | You fall through a shaft!
  6998 | D:9      | Reached ** piety under Cheibriados
  7028 | D:9      | Reached XP level 11. HP: 62/86 MP: 11/11
  7061 | D:9      | Reached skill level 11 in Armour
  7282 | D:9      | Got a heavily runed steel ring
  7290 | D:9      | Noticed Gastronok
  7308 | D:9      | Killed from afar by Gastronok

Skill      XL: |  1  2  3  4  5  6  7  8  9 10 11 |
---------------+----------------------------------+-----
Shields        | 4 5 7 9 |  9.2
Axes           | 3 4 6 8 |  8.0
Fighting       | 5 8 |  8.2
Armour         | 5 10 11 | 11.2

Vault maps used:
D:1:      scummos_arrival_star, bh_walls_and_bars
D:2:      hex_large
D:3:      nicolae_overflow_hidden_temple, solitary_fountain,
          nemelex_altar_shiori
D:4:      enter_ossuary_2, minmay_misc_feat_chi
D:5:      kennysheep_little_box, old_standard_altar, first_bread, tgw_sif
D:6:      minmay_temple_entry_overgrown, basic_altar, tso_altar, uniq_sigmund,
          uniq_crazy_yiuf_cottage, uniq_grinder
D:7:      grunt_temple_overflow_open, lemuel_doored_altar, grunt_livestock,
          nicolae_benzene_ring, solitary_fountain
D:8:      serial_shops, shop_statue, uniq_pikel, uniq_erolcha
D:9:      onia_ninara_cookie, uniq_gastronok
Temple:   nicolae_temple_x_marks_the_god
Ossuary:  ossuary_tomb_1

Vanquished Creatures
  Erolcha
  The ghost of Xiguana the Grappler, a novice VSMo Pikel Grinder Sigmund
  2 yaks
  A human
  2 hungry ghosts
  A steam dragon
  A giant eyeball
  A phantom
  4 slaves
  A black bear
  3 ice beasts
  4 ogres
  4 centaurs
  2 giant frogs
  A gnoll sergeant
  4 elf zombies
  A scorpion
  3 killer bees
  A wight
  A howler monkey
  5 crimson imps
  A centaur zombie
  A quasit
  A jelly
  6 orc wizards
  3 hounds
  2 giant frog skeletons Crazy Yiuf
  4 iguanas
  6 worker ants
  2 sheep
  A big kobold zombie
  2 mummies
  4 gnolls
  2 worker ant zombies
  9 adders
  5 shadow imps
  2 oozes
  2 adder zombies
  A worm
  3 dart slugs
  5 giant geckos
  18 orcs
  A bat
  6 giant cockroaches
  4 goblins
  7 hobgoblins
  14 jackals
  10 kobolds
  4 quokkas
  2 ball pythons
  A giant gecko zombie
  5 giant newts
  6 hobgoblin zombies
  A jackal zombie
  16 kobold zombies
  6 orc zombies
  A quokka skeleton
  7 rats
  A rat zombie
  5 fungi
225 creatures vanquished.
